 Dungeon Sprint DCSS version 0.31-a0-496-g6f97920a28 (webtiles) character file.

Game seed: 15286308727226289453

35 Midn8 the Sneak (level 3, 0/16 HPs)
             Began as a Vine Stalker Enchanter on Aug 8, 2023.
             Slain by a scorpion (4 damage)
             ... in the Dungeon (Sprint IV: "Fedhas' Mad Dash").
             The game lasted 00:01:09 (89 turns).

Midn8 the Sneak (Vine Stalker Enchanter)              Turns: 89, Time: 00:01:09

Health: 0/16       AC:  2    Str: 10    XL:     3   Next: 33%
Magic:  0/7        EV: 12    Int: 15    God:
Gold:   0          SH:  0    Dex: 16    Spells: 4/6 levels left

rFire   . . .        a - +1 dagger
rCold   . . .        (no shield)
rNeg    . . .        b - +0 robe
rPois   .            (no helmet)
rElec   .            (no cloak)
rCorr   .            (no gloves)
SInv    .            (no boots)
Will    .....        (no amulet)
Stlth   +++          (no ring)
HPRegen 0.22/turn    (no ring)
MPRegen 0.10/turn

%: no teleportation, guardian spirit
@: no status effects
A: fangs 2, magic shield, antimagic bite, no potion heal 2
a: no special abilities


You were in the Dungeon.
You visited 1 branch

Inventory:

Hand Weapons
 a - a +1 dagger (weapon)
Armour
 b - a +0 robe (worn)
Scrolls
 h - a scroll of blinking
 i - a scroll of identify {unknown}
Potions
 c - 2 potions of invisibility
 e - a potion of haste
 f - 2 potions of magic
 g - a potion of berserk rage


   Skills:
 - Level 3.0 Short Blades
 - Level 1.5 Dodging
 - Level 6.0 Stealth
 - Level 2.1 Spellcasting
 - Level 3.0 Hexes
 + Level 3.4 Evocations


You had 4 spell levels left.
You knew the following spells:

 Your Spells              Type           Power      Damage    Failure   Level
e - Ensorcelled Hibernat  Hex/Ice        12%        N/A       19%         2

Your spell library contained the following spells:

 Spells                   Type           Power      Damage    Failure   Level
 Confusing Touch          Hex            10%        N/A       19%         3
 Tukima's Dance           Hex            10%        N/A       19%         3
 Dazzling Flash           Conj/Hex       12%        N/A       34%         3


Dungeon Overview and Level Annotations

Branches:
Dungeon (1/1)

Altars:


Innate Abilities, Weirdness & Mutations

You have extremely sharp teeth.
When hurt, damage is shared between your health and your magic reserves.
Your bite disrupts and absorbs the magic of your enemies.
Potions cannot restore your health.


Message History

You feel agile. x2
You start memorising the spell.
You continue memorising. x2
You finish memorising.
Spell assigned to 'a'.
Adjust (i)tems, (s)pells, or (a)bilities?
Adjust which spell? a - Ensorcelled Hibernation Adjust to which letter? e - Ensorcelled Hibernation
Okay, then.
A scorpion comes into view.
Found three items.
You see here 12 gold pieces.
Casting: Ensorcelled Hibernation (safe; 19% risk of failure)
Confirm with . or Enter, or press ? or * to list all spells.
Aiming: Ensorcelled Hibernation (safe; 19% risk of failure)
Press: ? - help, Shift-Dir - straight line, f - scorpion
Aim: a scorpion (chance to affect: 39%)
The scorpion resists with some effort.
The scorpion stings you but does no damage.
Unknown command.
Casting: Ensorcelled Hibernation (safe; 19% risk of failure)
Confirm with . or Enter, or press ? or * to list all spells.
Aiming: Ensorcelled Hibernation (safe; 19% risk of failure)
Press: ? - help, Shift-Dir - straight line, f/p - scorpion
Aim: a scorpion (chance to affect: 39%)
The scorpion resists with some effort.
The scorpion stings you. x2
You are lethally poisoned!
The scorpion poisons you!
Unknown command.
Casting: Ensorcelled Hibernation (safe; 19% risk of failure)
Confirm with . or Enter, or press ? or * to list all spells.
Aiming: Ensorcelled Hibernation (safe; 19% risk of failure)
Press: ? - help, Shift-Dir - straight line, f/p - scorpion
Aim: a scorpion (chance to affect: 39%)
The scorpion resists with some effort.
* * * LOW HITPOINT WARNING * * *
You feel very sick.
The scorpion stings you but does no damage.
Your system rejects the healing.
You feel better. The scorpion stings you.
You die...

##################
#<..P#.....#.@$$$#
#P...†.....'.#s[.+
#PPPP#.....#.#"..#
###############+##


You could see a scorpion.

Vanquished Creatures
  An oklob sapling (D)
  A river rat (D)
  A rat (D)
3 creatures vanquished.

Notes
Turn   | Place    | Note
-------+----------+-------------------------------------------
     0 | D        | Midn8 the Vine Stalker Enchanter began the quest for the
                  | Orb.
     0 | D        | Reached XP level 1. HP: 9/9 MP: 4/4
    11 | D        | Reached skill level 1 in Short Blades
    11 | D        | Reached skill level 4 in Stealth
    23 | D        | Reached skill level 5 in Stealth
    23 | D        | Reached XP level 2. HP: 3/13 MP: 1/6
    78 | D        | Noticed an oklob sapling
    79 | D        | Killed an oklob sapling
    80 | D        | Reached skill level 6 in Stealth
    80 | D        | Reached XP level 3. HP: 16/16 MP: 7/7
    83 | D        | Learned a level 2 spell: Ensorcelled Hibernation
    85 | D        | Noticed a scorpion
    85 | D        | Found the amulet of invisibility {+Inv}
    89 | D        | Slain by a scorpion

Illustrated notes

Levels and vault maps discovered:
D:        dungeon_sprint_fedhas [sprint_temple]

Skill      XL: |  1  2 |
---------------+-------+-----
Short Blades   | 2 3 |  3.0
Stealth        | 5 6 |  6.0
Evocations     | 3 |  3.4
Dodging        | |  1.5
Spellcasting   | |  2.1
Hexes          | |  3.0

Action                     || total
---------------------------++-------
  Melee: Dagger            ||    16
         Bite              ||     5
   Cast: Ensorcelled Hiber ||     3
    Use: Potion            ||     1
   Stab: Sleeping          ||     1
 Armour: Robe              ||     3
  Dodge: Dodged            ||     8

Table legend: (Time is in decaauts)
 A = Elapsed time spent in this place.
 B = Non-inter-level travel time spent in this place.
 C = Inter-level travel time spent in this place.
 D = Time resting spent in this place.
 E = Time spent auto-exploring this place.
 F = Levels seen in this place.
 G = Mean time per level.
                   A        B        C        D        E       F      G
               +--------+--------+--------+--------+--------+-----+--------+
         Total |     87 |     87 |      0 |     47 |      0 |   1 |   87.0 |
       Dungeon |     87 |     87 |      0 |     47 |      0 |   1 |   87.0 |
               +--------+--------+--------+--------+--------+-----+--------+

Top non-repeatable levels by time:
       D: 87 daAuts
